 Dungeon Crawl Stone Soup version 0.22-a0-897-g1b7a381375 (webtiles) character file.

44 Mirvelgyr the Chopper (level 3, -3/31 HPs)
             Began as a Minotaur Berserker on July 31, 2018.
             Was a Believer of Trog.
             Slain by a worm (7 damage)
             ... on level 2 of the Dungeon.
             The game lasted 00:00:51 (582 turns).

Mirvelgyr the Chopper (Minotaur Berserker)           Turns: 582, Time: 00:00:51

Health: -3/31      AC:  3    Str: 21    XL:     3   Next: 39%
Magic:  2/2        EV: 12    Int:  4    God:    Trog [**....]
Gold:   24         SH:  0    Dex: 10    Spells: 2/2 levels left

rFire    . . .     SeeInvis .   a - +0 hand axe
rCold    . . .     Gourm    .   (no shield)
rNeg     . . .     Faith    .   b - +0 animal skin
rPois    .         Spirit   .   (helmet restricted)
rElec    .         Reflect  .   m - +0 cloak
rCorr    .         Harm     .   (no gloves)
MR       .....                  (no boots)
Stlth    +.........             (no amulet)
HPRegen  0.10/turn              (no ring)
MPRegen  0.08/turn              (no ring)

@: no status effects
A: retaliatory headbutt, horns 2
a: Berserk, Trog's Hand, Renounce Religion


You were on level 2 of the Dungeon.
You worshipped Trog.
Trog was pleased with you.
You were not hungry.

You visited 1 branch of the dungeon, and saw 2 of its levels.

You collected 24 gold pieces.

Inventory:

Hand Weapons
 a - a +0 hand axe (weapon)
Armour
 b - a +0 animal skin (worn)
 m - a +0 cloak (worn)
Jewellery
 k - an uncursed ring of positive energy {unknown}
Scrolls
 e - a scroll of remove curse {unknown}
 f - a scroll of noise {unknown}
 g - a scroll of fog {unknown}
 i - 3 scrolls of magic mapping {unknown}
 o - a scroll of enchant armour {unknown}
 p - a scroll of amnesia {unknown}
 q - a scroll of blinking {unknown}
 s - a scroll of teleportation {unknown}
Potions
 d - a potion of resistance {unknown}
 h - a potion of degeneration {unknown}
 j - a potion of might {unknown}
 l - 2 potions of haste {unknown}
 n - a potion of heal wounds {unknown}
Comestibles
 c - 2 rations
 r - 2 chunks of flesh


   Skills:
 - Level 3.6 Fighting
 + Level 5.4 Axes
 - Level 2.4 Armour
 - Level 2.1 Dodging


You had 2 spell levels left.
You didn't know any spells.
Your spell library was empty.

Dungeon Overview and Level Annotations

Branches:
Dungeon (2/15)

Altars:


Innate Abilities, Weirdness & Mutations

You reflexively headbutt those who attack you in melee.
You have a pair of horns on your head.


Message History

* * * LOW HITPOINT WARNING * * *
You see here a rat corpse.
You barely miss the frilled lizard.
You kill the frilled lizard!
Trog accepts your kill.
You hit the worm.
The worm is lightly wounded.
You barely miss the worm. You headbutt the worm!
The worm is heavily wounded.
The worm closely misses you.
You hit the worm but do no damage. Your headbutt misses the worm.
The worm is heavily wounded.
You hit the worm.
The worm is heavily wounded.
The worm bites you.
* * * LOW HITPOINT WARNING * * *
You hit the worm.
The worm is severely wounded.
The worm bites you!
You die...

.... .... ..
#.... #.. ....
.... #...
##... ..# ...#
#w##..# #@...#
.. #)!#.# ...
#..#.#
....#####..#.#
.........)...#
#
..###.......#
##
..###.......#
##.
#.....#'###.#
#.. .....#...#
## #.#.


You could see a worm.

Vanquished Creatures
  2 worms (D:2)
  A dart slug (D:1)
  A giant cockroach (D:1)
  6 goblins
  8 hobgoblins
  A bat (D:1)
  3 frilled lizards
  9 kobolds
  4 rats
35 creatures vanquished.

Notes
Turn   | Place    | Note
-------+----------+-------------------------------------------
     0 | D:1      | Mirvelgyr the Minotaur Berserker began the quest for the Orb.
     0 | D:1      | Reached XP level 1. HP: 19/19 MP: 0/0
    31 | D:1      | Reached skill level 4 in Axes
    55 | D:1      | Reached XP level 2. HP: 26/26 MP: 1/1
   309 | D:1      | Reached skill level 5 in Axes
   519 | D:2      | Reached ** piety under Trog
   520 | D:2      | Reached XP level 3. HP: 16/31 MP: 2/2
   582 | D:2      | Slain by a worm

Vault maps used:
D:1:      lightli_arrival_maybe_door_vault
D:2:      nemelex_altar_shiori, lemuel_coloured_pillars_altar, first_ration,
          minmay_vboxes, uniq_natasha, uniq_crazy_yiuf_cottage, uniq_terence

Skill      XL: |  1  2 |
---------------+-------+-----
Axes           | 4 5 |  5.4
Fighting       | |  3.6
Armour         | |  2.4
Dodging        | |  2.1

Action                   || total
-------------------------++-------
Melee: Hand axe          ||    74
       Headbutt          ||    10
Armor: Animal skin       ||    12
Dodge: Dodged            ||    35

Table legend:
 A = Spawn XP
 B = Non-spawn XP
 C = Spawn XP percentage of total XP
 D = Spawn monster count
 E = Non-spawn monster count
 F = Spawn count percentage of total count
 G = Total turns spent on level
                    A         B        C        D         E        F      G
               +---------+---------+-------+---------+---------+-------+---------
         Total |       0 |      63 |   0.0 |       0 |      35 |   0.0 |   582
               +---------+---------+-------+---------+---------+-------+---------
           D:1 |       0 |      35 |   0.0 |       0 |      20 |   0.0 |   411
           D:2 |       0 |      28 |   0.0 |       0 |      15 |   0.0 |   171
               +---------+---------+-------+---------+---------+-------+---------
